 Dungeon Crawl Stone Soup version 0.29.1-1-gd02db6906a (webtiles) character file.

Game seed: 17878194318384616760

607 quinnr the Destroyer (level 7, -4/40 HPs)
             Began as a Tengu Conjurer on Sept 24, 2022.
             Shot with an arrow by a centaur (11 damage)
             ... on level 4 of the Dungeon.
             The game lasted 00:10:24 (4451 turns).

quinnr the Destroyer (Tengu Conjurer)               Turns: 4451, Time: 00:10:25

Health: -4/40      AC:  3    Str:  7    XL:     7   Next: 43%
Magic:  5/12       EV: 20    Int: 20    God:
Gold:   134        SH:  0    Dex: 13    Spells: 5/12 levels left

rFire   . . .      SeeInvis .   c - +2 short sword (venom)
rCold   . . .      Faith    .   (no shield)
rNeg    + . .      Spirit   .   s - +1 robe {rN+}
rPois   .          Reflect  .   (helmet restricted)
rElec   .          Harm     .   (no cloak)
rCorr   .          Rampage  .   (no gloves)
Will    .....                   (boots unavailable)
Stlth   ++........              (no amulet)
HPRegen 0.13/turn               Z - ring of wizardry
MPRegen 0.13/turn               E - +4 ring of evasion

@: flying quickly and evasively, quick
A: beak, talons 3, nimble flight
a: no special abilities


You were on level 4 of the Dungeon.
You visited 1 branch of the dungeon, and saw 4 of its levels.

You collected 134 gold pieces.


Innate Abilities, Weirdness & Mutations

You have a beak for a mouth.
You have claws for feet.
Your magical nature lets you fly swiftly and evasively.


   Skills:
 - Level 2.0 Fighting
 + Level 4.4 Dodging
 - Level 2.1 Stealth
 - Level 3.0 Spellcasting
 + Level 8.5 Conjurations
 + Level 3.2 Fire Magic


You had 5 spell levels left.
You knew the following spells:

 Your Spells              Type           Power      Damage    Failure   Level
m - Magic Dart            Conj           100%       1d8       1%          1
s - Searing Ray           Conj           74%        2d7       1%          2
X - Flame Wave            Conj/Fire      26%        2d8       5%          4

Your spell library contained the following spells:

 Spells                   Type           Power      Damage    Failure   Level
 Scorch                   Fire           30%        2d7       2%          2
 Dazzling Flash           Conj/Hex       40%        N/A       3%          3
 Summon Small Mammal      Summ           12%        N/A       6%          1
 Poisonous Vapours        Pois/Air       6%         N/A       9%          2
 Fulminant Prism          Conj/Hex       10%        3d9       10%         4
 Iskenderun's Mystic Bla  Conj/Tloc      20%        2d6       10%         4
 Call Canine Familiar     Summ           3%         N/A       16%         3
 Summon Guardian Golem    Hex/Summ       3%         N/A       16%         3
 Corpse Rot               Necr/Pois/Air  3%         N/A       45%         4
 Summon Cactus Giant      Summ           1%         N/A       100%        6

Inventory:

Hand Weapons
 c - a +2 short sword of venom (weapon)
 g - a +0 dagger of venom
 l - a +0 sling of flaming
 q - a +0 dagger of holy wrath
Missiles
 n - a throwing net {=f}
Armour
 s - a +1 robe of positive energy (worn)
Jewellery
 E - a +4 ring of evasion (right hand)
 L - a ring of flight
 Z - a ring of wizardry (left hand)
Wands
 r - a wand of flame (22)
 u - a wand of digging (5)
Scrolls
 j - a scroll of amnesia {unknown}
 o - a scroll of identify {unknown}
Potions
 a - a potion of cancellation {unknown}
 b - 2 potions of magic
 d - a potion of curing {unknown}
 e - 2 potions of attraction {unknown}
 f - a potion of mutation {unknown}
 h - 3 potions of heal wounds {unknown}
 i - a potion of invisibility {unknown}
 k - a potion of haste {unknown}
 m - 2 potions of flight {unknown}
 p - 3 potions of degeneration {unknown}
 t - a potion of brilliance {unknown}

Dungeon Overview and Level Annotations

Branches:
Dungeon (4/15)
 Temple: D:4-7

Altars:

Annotations:
D:3 2 transporters, Iamsock's ghost, amateur GnWn

#.#.##'####...
#.#........... #.
###'#...........
#.
#..............#
#.
#.....##'#######
#.###.....##.# #
#####.†.....#.##.#
#
.....?............
###..#@#.#.#.##.#
# #...........) #
#. #..#c#.#+#.##.
#.###
...w.........# #
#....
.......#.......#
#....
.......#.......#
#....
.......#.......#
###....
#####..#.......#
....... #..
.....<. ....###


You could see a centaur and a dart slug.


Message History

The slug dart hits you.
Casting: Searing Ray (safe; 1% risk of failure)
Confirm with . or Enter, or press ? or * to list all spells.
Aiming: Searing Ray (safe; 1% risk of failure)
Press: ? - help, Shift-Dir - straight line, f/p - centaur
Aim: a centaur, wielding a +0 shortbow (88% to hit)
The searing ray hits the centaur!
The centaur is moderately wounded. (Press . to maintain the ray.)
The centaur shoots an arrow.
The arrow misses you.
The centaur shoots an arrow.
The arrow hits you!
* * * LOW HITPOINT WARNING * * *
The searing ray hits the centaur.
The centaur is moderately wounded.
The endoplasm jiggles.
The centaur shoots an arrow.
The arrow hits you.
* * * LOW HITPOINT WARNING * * *
Unknown command.
The searing ray hits the centaur!
The centaur is severely wounded.
The searing ray hits the endoplasm.
The endoplasm is almost dead.
The centaur shoots an arrow.
The arrow hits you!
* * * LOW HITPOINT WARNING * * *
The centaur shoots an arrow.
The arrow barely misses you.
The searing ray misses the centaur.
The searing ray hits the endoplasm.
You kill the endoplasm!
You finish channelling your searing ray.
The centaur shoots an arrow.
The arrow hits you!
You die...

Skill      XL: |  1  2  3  4  5  6  7 |
---------------+----------------------+-----
Conjurations   | 6 7 8 |  8.5
Spellcasting   | 3 |  3.0
Fighting       | 2 |  2.0
Dodging        | 3 4 |  4.4
Fire Magic     | 2 3 |  3.2
Stealth        | |  2.1

Action                   |  1- 3 |  4- 6 |  7- 9 || total
-------------------------+-------+-------+-------++-------
Melee: Short sword       |     4 |     5 |       ||     9
       Peck              |       |     1 |       ||     1
 Cast: Magic Dart        |    73 |    62 |    21 ||   156
       Searing Ray       |       |    17 |     5 ||    22
Evoke: Wand              |       |     3 |       ||     3
  Use: Scroll            |       |     4 |       ||     4
Armor: Robe              |       |     3 |       ||     3
Dodge: Dodged            |     4 |    31 |     6 ||    41

Levels and vault maps discovered:
D:1:      lightli_iron_boxes, layout_rooms
D:2:      minmay_angry_zag, layout_basic
D:3:      layout_basic, shapermc_ecumenical_altar_venn,
          gammafunk_ghost_mausoleum, minmay_pentomino_pile, uniq_jessica,
          uniq_ijyb, uniq_grinder
D:4:      lemuel_castle_with_subvaults [lemuel_castle_interior_carwin_2],
          layout_basic, serial_glass, glass_columns_a, glass_columns_a

Notes
Turn   | Place    | Note
-------+----------+-------------------------------------------
     0 | D:1      | quinnr the Tengu Conjurer began the quest for the Orb.
     0 | D:1      | Reached XP level 1. HP: 10/10 MP: 4/4
   210 | D:1      | Reached XP level 2. HP: 15/15 MP: 4/6
   235 | D:1      | Learned a level 2 spell: Searing Ray
   550 | D:1      | Reached XP level 3. HP: 19/19 MP: 5/7
   751 | D:1      | Reached skill level 6 in Conjurations
  1506 | D:2      | Reached skill level 3 in Spellcasting
  1600 | D:2      | Reached XP level 4. HP: 24/24 MP: 4/9
  2225 | D:2      | Reached skill level 7 in Conjurations
  2509 | D:3      | Found a transporter.
  2510 | D:3      | Noticed Iamsock's ghost (amateur GnWn)
  2515 | D:3      | Noticed a phantom
  2539 | D:3      | Found a transporter.
  2549 | D:3      | Found a faded altar of an unknown god.
  2704 | D:3      | Noticed Ijyb
  2711 | D:3      | Killed Ijyb
  2712 | D:3      | Gained mutation: Your magical nature lets you fly swiftly
                  | and evasively. [Tengu growth]
  2712 | D:3      | Reached XP level 5. HP: 7/28 MP: 0/10
  2803 | D:3      | Noticed Jessica
  3033 | D:3      | Learned a level 4 spell: Flame Wave
  3133 | D:3      | Noticed Grinder
  3162 | D:3      | Reached skill level 1 in Fighting
  3265 | D:3      | Paralysed by Grinder for 2 turns
  3276 | D:3      | Paralysed by Grinder for 3 turns
  3281 | D:3      | Killed Grinder
  3282 | D:3      | Reached skill level 2 in Fighting
  3282 | D:3      | Reached skill level 3 in Dodging
  3282 | D:3      | Reached skill level 2 in Fire Magic
  3282 | D:3      | Reached XP level 6. HP: 35/35 MP: 4/11
  3532 | D:3      | Killed Jessica
  3533 | D:3      | Reached skill level 8 in Conjurations
  3955 | D:4      | Reached skill level 4 in Dodging
  3955 | D:4      | Reached XP level 7. HP: 35/40 MP: 2/12
  4115 | D:4      | Reached skill level 3 in Fire Magic
  4451 | D:4      | Shot with an arrow by a centaur

Vanquished Creatures
  Grinder (D:3)
  A necrophage (D:4)
  2 orc priests (D:4)
  Jessica (D:3)
  Ijyb (D:3)
  11 gnolls
  2 adders
  A dart slug (D:1)
  4 orcs
  12 ball pythons
  6 bats (D:1)
  11 endoplasms
  5 giant cockroaches
  4 goblins
  7 hobgoblins
  12 jackals
  3 quokkas (D:1)
  4 frilled lizards
  8 kobolds
  4 rats
100 creatures vanquished.

Table legend: (Time is in decaauts)
 A = Elapsed time spent in this place.
 B = Non-inter-level travel time spent in this place.
 C = Inter-level travel time spent in this place.
 D = Time resting spent in this place.
 E = Time spent auto-exploring this place.
 F = Levels seen in this place.
 G = Mean time per level.
                   A        B        C        D        E       F      G
               +--------+--------+--------+--------+--------+-----+--------+
         Total |   4384 |   4226 |    158 |    524 |   2981 |   4 | 1096.0 |
       Dungeon |   4384 |   4226 |    158 |    524 |   2981 |   4 | 1096.0 |
               +--------+--------+--------+--------+--------+-----+--------+

Top non-repeatable levels by time:
     D:2: 1271 daAuts
     D:3: 1255 daAuts
     D:1: 1131 daAuts
     D:4: 726 daAuts

Table legend:
 A = Non-vault XP
 B = Vault XP
 C = Vault XP percentage of total XP
 D = Non-vault monster count
 E = Vault monster count
 F = Vault count percentage of total count
                 A         B        C        D         E       F
            +---------+---------+-------+---------+---------+-------
      Total |     433 |     437 |  50.2 |      75 |      25 |  25.0
            +---------+---------+-------+---------+---------+-------
        D:1 |      58 |       0 |   0.0 |      34 |       0 |   0.0
        D:2 |      50 |      19 |  27.5 |       8 |       5 |  38.5
        D:3 |      74 |     386 |  83.9 |      19 |      10 |  34.5
        D:4 |     251 |      32 |  11.3 |      14 |      10 |  41.7
            +---------+---------+-------+---------+---------+-------
